WIN
ST. LOUIS (WIN) CARDINALS @ TAMPA BAY (WIN) RAYS
12/17/2046
 
TOP OF THE 1ST
St. Louis (WIN) Cardinals batting - Pitching for Tampa Bay (WIN) Rays : RHP Jose Robles
Pitching: RHP Jose Robles
Batting: LHB Adam Eisen 0-0: Called Strike
0-1: Called Strike
0-2: Foul Ball, location: 2F
0-2: Foul Ball, location: 2F
0-2: Strikes out swinging
Batting: RHB Danny Gallo 0-0: Called Strike
0-1: Ball
1-1: Called Strike
1-2: SOLO HOME RUN (Flyball, 78XD, EV 102.5 MPH), Distance : 437 ft
Batting: LHB Ichiro Toyota 0-0: Called Strike
0-1: Swinging Strike
0-2: Ball
1-2: Foul Ball, location: 2F
1-2: Ball
2-2: Ball
3-2: Strikes out swinging
Batting: RHB Mark Marks 0-0: Swinging Strike
0-1: Called Strike
0-2: Ground out 1-3 (Groundball, P, EV 69.4 MPH)
Top of the 1st over - 1 run, 1 hit, 0 errors, 0 left on base; St. Louis (WIN) 1 - Tampa Bay (WIN) 0
BOTTOM OF THE 1ST
Tampa Bay (WIN) Rays batting - Pitching for St. Louis (WIN) Cardinals : RHP Casey Cogdill
Pitching: RHP Casey Cogdill
Batting: LHB Bill McGregor 0-0: Swinging Strike
0-1: Ball
1-1: Ball
2-1: Foul Ball, location: 2F
2-2: Ball
3-2: Base on Balls
Batting: LHB Mark Marvin 0-0: Called Strike
Bill McGregor steals 2nd base
0-1: Foul Ball, location: 2F
0-2: Strikes out swinging
Batting: SHB Lou Kroneman 0-0: Ball
1-0: Called Strike
Bill McGregor is caught stealing 3rd base 2-5
1-1: Swinging Strike
1-2: Strikes out swinging, 2-3 out at first.
Bottom of the 1st over - 0 runs, 0 hits, 0 errors, 0 left on base; St. Louis (WIN) 1 - Tampa Bay (WIN) 0
TOP OF THE 2ND
St. Louis (WIN) Cardinals batting - Pitching for Tampa Bay (WIN) Rays : RHP Jose Robles
Batting: RHB Mark Cahill 0-0: Ground out 6-3 (Groundball, 6S, EV 82.5 MPH)
Batting: LHB Billy Guzman 0-0: Ball
1-0: Foul Ball, location: 2F
1-1: Fly out, F7 (Flyball, 7, EV 87.5 MPH)
Batting: RHB Jose Rivera 0-0: Called Strike
0-1: Ball
1-1: Foul Ball, location: 2F
1-2: Ball
2-2: Ball
3-2: Foul Ball, location: 2F
3-2: Strikes out looking
Top of the 2nd over - 0 runs, 0 hits, 0 errors, 0 left on base; St. Louis (WIN) 1 - Tampa Bay (WIN) 0
BOTTOM OF THE 2ND
Tampa Bay (WIN) Rays batting - Pitching for St. Louis (WIN) Cardinals : RHP Casey Cogdill
Batting: RHB David Ward 0-0: Ball
1-0: Called Strike
1-1: Ball
2-1: Fly out, F8 (Flyball, 78M, EV 85.0 MPH)
Batting: LHB Davion Lewis 0-0: Swinging Strike
0-1: Ball
1-1: Called Strike
1-2: Strikes out swinging
Batting: RHB Sesto Carpini 0-0: Ball
1-0: Ball
2-0: Called Strike
2-1: Ground out 6-3 (Groundball, 6, EV 89.4 MPH)
Bottom of the 2nd over - 0 runs, 0 hits, 0 errors, 0 left on base; St. Louis (WIN) 1 - Tampa Bay (WIN) 0
TOP OF THE 3RD
St. Louis (WIN) Cardinals batting - Pitching for Tampa Bay (WIN) Rays : RHP Jose Robles
Batting: SHB Jason Kirby 0-0: Reached on error, E5 (Groundball, 5, EV 81.9 MPH)
Batting: RHB Immel Kamuzu 0-0: Foul Ball, location: 2F
0-1: Called Strike
0-2: Ball
1-2: Strikes out swinging
Batting: LHB Adam Eisen 0-0: Called Strike
0-1: Ball
1-1: Called Strike
1-2: Fielders Choice at 2nd, 6-4 (Groundball, 6, EV 80.6 MPH)
Batting: RHB Danny Gallo 0-0: Ball
1-0: Foul Ball, location: 2F
1-1: Called Strike
1-2: Ball
2-2: SINGLE (Flyball, 56D, EV 90.6 MPH)
Adam Eisen to second
Batting: LHB Ichiro Toyota 0-0: Ball
1-0: Called Strike
1-1: Ground out 4-3 (Groundball, 4, EV 82.5 MPH)
Top of the 3rd over - 0 runs, 1 hit, 1 error, 2 left on base; St. Louis (WIN) 1 - Tampa Bay (WIN) 0
BOTTOM OF THE 3RD
Tampa Bay (WIN) Rays batting - Pitching for St. Louis (WIN) Cardinals : RHP Casey Cogdill
Batting: LHB Jake Rheaume 0-0: Foul Ball, location: 2F
0-1: Fly out, F3 (Line Drive, 34, EV 61.2 MPH)
Batting: RHB Kevin Benfield 0-0: Called Strike
0-1: Ball
1-1: Ball
2-1: Ball
3-1: Base on Balls
Batting: LHB Angel Ruvalcaba 0-0: Ball
1-0: Foul Ball, location: 2F
1-1: Ball
2-1: Fielders Choice at 2nd, 4-6 (Groundball, 34, EV 101.9 MPH)
Batting: LHB Bill McGregor 0-0: Called Strike
Angel Ruvalcaba is caught stealing 2nd base 2-6
Bottom of the 3rd over - 0 runs, 0 hits, 0 errors, 0 left on base; St. Louis (WIN) 1 - Tampa Bay (WIN) 0
TOP OF THE 4TH
St. Louis (WIN) Cardinals batting - Pitching for Tampa Bay (WIN) Rays : RHP Jose Robles
Batting: RHB Mark Marks 0-0: SINGLE (Flyball, 9S, EV 98.8 MPH)
Batting: RHB Mark Cahill 0-0: Ball
1-0: Ball
2-0: Called Strike
2-1: Called Strike
2-2: Ball
3-2: Strikes out swinging
Mark Marks steals 2nd base
Batter strikes out.
Batting: LHB Billy Guzman 0-0: Ball
1-0: Called Strike
1-1: Swinging Strike
1-2: Ball
2-2: Foul Ball, location: 2F
2-2: Foul Ball, location: 2F
2-2: Fly out, F7 (Flyball, 7, EV 71.9 MPH)
Batting: RHB Jose Rivera 0-0: Foul Ball, location: 2F
0-1: Foul Ball, location: 2F
0-2: Strikes out swinging
Top of the 4th over - 0 runs, 1 hit, 0 errors, 1 left on base; St. Louis (WIN) 1 - Tampa Bay (WIN) 0
BOTTOM OF THE 4TH
Tampa Bay (WIN) Rays batting - Pitching for St. Louis (WIN) Cardinals : RHP Casey Cogdill
Batting: LHB Bill McGregor 0-0: Called Strike
0-1: Foul Ball, location: 2F
0-2: Ball
1-2: Ball
2-2: Fly out, F9 (Flyball, 89M, EV 88.8 MPH)
Batting: LHB Mark Marvin 0-0: Swinging Strike
0-1: Ball
1-1: SINGLE (Line Drive, 89S, EV 105.6 MPH)
Batting: SHB Lou Kroneman 0-0: Ball
1-0: Ball
2-0: Foul Ball, location: 2F
2-1: Ball
3-1: Base on Balls
Mark Marvin to second
Batting: RHB David Ward 0-0: Ball
1-0: Ball
2-0: Ball
3-0: Base on Balls
Mark Marvin to third
Lou Kroneman to second
Batting: LHB Davion Lewis 0-0: Ball
1-0: Ball
2-0: Ground out 5-3 (Groundball, 56S, EV 75.6 MPH)
Mark Marvin scores
Lou Kroneman to third
David Ward to second
Batting: RHB Sesto Carpini 0-0: Ball
1-0: Foul Ball, location: 2F
1-1: Ground out 4-3 (Groundball, 4, EV 103.8 MPH)
Bottom of the 4th over - 1 run, 1 hit, 0 errors, 2 left on base; St. Louis (WIN) 1 - Tampa Bay (WIN) 1
TOP OF THE 5TH
St. Louis (WIN) Cardinals batting - Pitching for Tampa Bay (WIN) Rays : RHP Jose Robles
Batting: SHB Jason Kirby 0-0: Called Strike
0-1: SINGLE (Line Drive, 8RS, EV 107.5 MPH)
Batting: RHB Immel Kamuzu 0-0: Foul Ball, location: 2F
0-1: Ball
1-1: Swinging Strike
1-2: Fielders Choice at 2nd, 6-4 (Groundball, 6, EV 83.8 MPH)
Batting: LHB Adam Eisen 0-0: Called Strike
0-1: Called Strike
0-2: Ball
1-2: Strikes out looking
Batting: RHB Danny Gallo 0-0: Ball
1-0: Ball
2-0: Foul Ball, location: 2F
2-1: Called Strike
2-2: Ball
3-2: Fly out, F8 (Flyball, 8RM, EV 88.8 MPH)
Top of the 5th over - 0 runs, 1 hit, 0 errors, 1 left on base; St. Louis (WIN) 1 - Tampa Bay (WIN) 1
BOTTOM OF THE 5TH
Tampa Bay (WIN) Rays batting - Pitching for St. Louis (WIN) Cardinals : RHP Casey Cogdill
Batting: LHB Jake Rheaume 0-0: Ball
1-0: Called Strike
1-1: Ball
2-1: Foul Ball, location: 2F
2-2: Strikes out looking
Batting: RHB Kevin Benfield 0-0: Ball
1-0: Fly out, F8 (Flyball, 8LXD, EV 100.0 MPH)
Batting: LHB Angel Ruvalcaba 0-0: Foul Ball, location: 2F
0-1: Ball
1-1: Ground out U3 (Groundball, 3, EV 103.8 MPH)
Bottom of the 5th over - 0 runs, 0 hits, 0 errors, 0 left on base; St. Louis (WIN) 1 - Tampa Bay (WIN) 1
TOP OF THE 6TH
St. Louis (WIN) Cardinals batting - Pitching for Tampa Bay (WIN) Rays : RHP Jose Robles
Batting: LHB Ichiro Toyota 0-0: Called Strike
0-1: Ball
1-1: Swinging Strike
1-2: Ball
2-2: Fly out, F9 (Line Drive, 9LM, EV 105.6 MPH)
Batting: RHB Mark Marks 0-0: Called Strike
0-1: Ball
1-1: SINGLE (Flyball, 8RS, EV 88.8 MPH)
Batting: RHB Mark Cahill 0-0: Called Strike
0-1: Ball
1-1: Foul Ball, location: 2F
1-2: SINGLE (Groundball, 6D, EV 95.6 MPH)
Mark Marks to second
Batting: LHB Billy Guzman 0-0: Ball
1-0: Swinging Strike
1-1: Swinging Strike
1-2: Ball
2-2: Strikes out swinging
Batting: RHB Jose Rivera 0-0: Called Strike
0-1: Fly out, F9 (Flyball, 89S, EV 93.1 MPH)
Top of the 6th over - 0 runs, 2 hits, 0 errors, 2 left on base; St. Louis (WIN) 1 - Tampa Bay (WIN) 1
BOTTOM OF THE 6TH
Tampa Bay (WIN) Rays batting - Pitching for St. Louis (WIN) Cardinals : RHP Casey Cogdill
Batting: LHB Bill McGregor 0-0: Ball
1-0: Ball
2-0: Ball
3-0: Called Strike
3-1: Foul Ball, location: 2F
3-2: TRIPLE (Line Drive, 9D, EV 103.8 MPH)
Batting: LHB Mark Marvin 0-0: Foul Ball, location: 2F
0-1: Squeeze Bunt to 23 - play home, runner scores, batter safe!
Bill McGregor scores
Batting: SHB Lou Kroneman 0-0: Called Strike
0-1: Ball
1-1: Called Strike
1-2: Strikes out swinging
Batting: RHB David Ward 0-0: Ball
1-0: DOUBLE (Flyball, 89XD, EV 98.8 MPH)
Mark Marvin to third
Batting: LHB Davion Lewis 0-0: Ball
1-0: Called Strike
1-1: Called Strike
1-2: Strikes out looking
Batting: RHB Sesto Carpini 0-0: Ball
1-0: SINGLE (Groundball, 4MD, EV 105.0 MPH)
Mark Marvin scores
David Ward to third
Runner from 3rd tries for Home, SAFE, throw by CF to home
Batting: LHB Jake Rheaume Pickoff Throw to First - Error! E1
Sesto Carpini to second
0-0: Foul Ball, location: 2F
0-1: Ball
1-1: Ball
2-1: Fly out, F7 (Flyball, 7D, EV 94.4 MPH)
Bottom of the 6th over - 3 runs, 3 hits, 1 error, 1 left on base; St. Louis (WIN) 1 - Tampa Bay (WIN) 4
TOP OF THE 7TH
St. Louis (WIN) Cardinals batting - Pitching for Tampa Bay (WIN) Rays : RHP Jose Robles
Batting: SHB Jason Kirby 0-0: Called Strike
0-1: Called Strike
0-2: Strikes out looking
Batting: RHB Immel Kamuzu 0-0: Ground out 2-3 (Groundball, 2L, EV 67.5 MPH)
Batting: LHB Adam Eisen 0-0: Ball
1-0: Ball
2-0: Called Strike
2-1: Ball
3-1: Called Strike
3-2: Strikes out swinging
Top of the 7th over - 0 runs, 0 hits, 0 errors, 0 left on base; St. Louis (WIN) 1 - Tampa Bay (WIN) 4
BOTTOM OF THE 7TH
Tampa Bay (WIN) Rays batting - Pitching for St. Louis (WIN) Cardinals : RHP Casey Cogdill
Batting: RHB Kevin Benfield 0-0: Ball
1-0: Foul Ball, location: 2F
1-1: Ball
2-1: Called Strike
2-2: Strikes out swinging
Pitching: RHP Kevon Jamison
Batting: LHB Angel Ruvalcaba 0-0: Foul Ball, location: 2F
0-1: Ball
1-1: Ball
2-1: Ball
3-1: Reached on error, E6 (Groundball, 6, EV 83.8 MPH)
Batting: LHB Bill McGregor 0-0: Ball
Angel Ruvalcaba steals 3rd base
1-0: Called Strike
1-1: Foul Ball, location: 2F
1-2: Ball
2-2: Fly out, F8 (Flyball, 8LXD, EV 88.8 MPH)
Runner from 3rd tags up, SCORES, no throw by CF
Batting: LHB Mark Marvin 0-0: Called Strike
0-1: Ball
1-1: Foul Ball, location: 2F
1-2: Foul Ball, location: 2F
1-2: Ball
2-2: Strikes out looking
Bottom of the 7th over - 1 run, 0 hits, 1 error, 0 left on base; St. Louis (WIN) 1 - Tampa Bay (WIN) 5
TOP OF THE 8TH
St. Louis (WIN) Cardinals batting - Pitching for Tampa Bay (WIN) Rays : RHP Jose Robles
Pitching: LHP Sam Wesman
Batting: RHB Danny Gallo 0-0: Ball
1-0: Fly out, F6 (Popup, 6MD, EV 55.0 MPH)
Batting: LHB Ichiro Toyota 0-0: Ball
1-0: Called Strike
1-1: Foul Ball, location: 2F
1-2: Strikes out swinging
Batting: RHB Mark Marks 0-0: Ball
1-0: Ball
2-0: Swinging Strike
2-1: Swinging Strike
2-2: Ball
3-2: Base on Balls
Batting: RHB Mark Cahill 0-0: Ground out 4-3 (Groundball, 4, EV 89.4 MPH)
Top of the 8th over - 0 runs, 0 hits, 0 errors, 1 left on base; St. Louis (WIN) 1 - Tampa Bay (WIN) 5
BOTTOM OF THE 8TH
Tampa Bay (WIN) Rays batting - Pitching for St. Louis (WIN) Cardinals : RHP Kevon Jamison
Batting: SHB Lou Kroneman 0-0: Foul Ball, location: 2F
0-1: Swinging Strike
0-2: Ball
1-2: Foul Ball, location: 2F
1-2: Ball
2-2: Ball
3-2: Base on Balls
Batting: RHB David Ward 0-0: Ball
1-0: Swinging Strike
1-1: Fly out, F9 (Flyball, 9, EV 86.2 MPH)
Batting: LHB Davion Lewis 0-0: Called Strike
0-1: Ball
1-1: Called Strike
1-2: Foul Ball, location: 2F
1-2: Ball
2-2: SINGLE (Line Drive, 89M, EV 94.4 MPH)
Lou Kroneman to second
Batting: RHB Sesto Carpini 0-0: Called Strike
0-1: Foul Ball, location: 2F
0-2: Ball
1-2: Ball
2-2: Strikes out swinging
Batting: LHB Jake Rheaume 0-0: Swinging Strike
0-1: Swinging Strike
0-2: Foul Ball, location: 2F
0-2: Ball
1-2: Ball
2-2: Foul Ball, location: 2F
2-2: Ball
3-2: Base on Balls
Lou Kroneman to third
Davion Lewis to second
Batting: RHB Kevin Benfield 0-0: Ball
1-0: SINGLE (Groundball, 4MD, EV 96.2 MPH)
Lou Kroneman scores
Davion Lewis to third
Jake Rheaume to second
Runner from 3rd tries for Home, SAFE, throw by CF to home
Batting: LHB Angel Ruvalcaba 0-0: Ball
1-0: Called Strike
1-1: Foul Ball, location: 2F
1-2: SINGLE (Line Drive, 6D, EV 98.1 MPH)
Jake Rheaume to third
Kevin Benfield to second
Runner from 3rd tries for Home, SAFE, throw by LF to home
Pinch Hitting: SHB Julio Hernandez 0-0: Ball
1-0: Ball
2-0: Called Strike
2-1: Ball
3-1: Called Strike
3-2: Strikes out swinging
Bottom of the 8th over - 3 runs, 3 hits, 0 errors, 2 left on base; St. Louis (WIN) 1 - Tampa Bay (WIN) 8
TOP OF THE 9TH
St. Louis (WIN) Cardinals batting - Pitching for Tampa Bay (WIN) Rays : LHP Sam Wesman
Now in RF: Julio Hernandez
Pinch Hitting: RHB Justin Reich 0-0: Called Strike
0-1: Swinging Strike
0-2: Ball
1-2: Strikes out swinging
Batting: RHB Jose Rivera 0-0: Called Strike
0-1: Swinging Strike
0-2: Strikes out looking
Pinch Hitting: LHB Ronnie Ashley 0-0: Ball
1-0: SINGLE (Line Drive, 56D, EV 98.1 MPH)
Batting: RHB Immel Kamuzu 0-0: Ball
1-0: Called Strike
1-1: Swinging Strike
1-2: Ball
2-2: Ball
3-2: Foul Ball, location: 2F
3-2: DOUBLE (Line Drive, 5D, EV 95.6 MPH)
Ronnie Ashley to third
Ronnie Ashley scores
Batting: LHB Adam Eisen 0-0: Called Strike
0-1: Called Strike
0-2: Ball
1-2: Strikes out swinging
Top of the 9th over - 1 run, 2 hits, 0 errors, 1 left on base; St. Louis (WIN) 2 - Tampa Bay (WIN) 8
Tuesday, September 13th , 2022 - OOTP Baseball 23.7 Build 88